 Dungeon Crawl Stone Soup version 0.18-a0-816-g97f838e (webtiles) character file.

82 graki42 the Skirmisher (level 4, -1/37 HPs)
             Began as a Demonspawn Abyssal Knight on Dec 15, 2015.
             Was a Priest of Lugonu.
             Slain by a kobold (2 damage)
             ... on level 3 of the Dungeon.
             The game lasted 00:05:21 (1797 turns).

graki42 the Skirmisher (Demonspawn Abyssal Knight)  Turns: 1797, Time: 00:05:21

Health: -1/37      AC:  3    Str: 12    XL:     4   Next: 21%
Magic:  5/5        EV: 12    Int: 13    God:    Lugonu [***...]
Gold:   75         SH:  0    Dex: 14    Spells: 0 memorised, 3 levels left

rFire  . . .     SeeInvis .     a - +1 falchion
rCold  . . .     Clarity  .     b - +0 leather armour
rNeg   . . .     SustAt   .     (no shield)
rPois  .         Gourm    .     (helmet restricted)
rElec  .         Spirit   .     (no cloak)
rCorr  .         Dismiss  .     (no gloves)
rMut   .         Stasis   .     (no boots)
MR     .....                    (no amulet)
Stlth  +.........               (no ring)
                                (no ring)

@: not resistant to hostile enchantments, very unstealthy
A: horns 1, spiny 1
a: Depart the Abyss, Bend Space, Banish, Renounce Religion


You were on level 3 of the Dungeon.
You worshipped Lugonu.
Lugonu was most pleased with you.
You were hungry.

You visited 1 branch of the dungeon, and saw 3 of its levels.
You visited the Abyss 1 time.

You collected 75 gold pieces.

Inventory:

Hand Weapons
 a - a +1 falchion (weapon)
Armour
 b - a +0 leather armour (worn)
Wands
 m - a wand of teleportation (4)
Scrolls
 g - 4 scrolls of identify {unknown}
 h - a scroll of immolation {unknown}
 i - a scroll of remove curse {unknown}
 k - a scroll of teleportation {unknown}
 n - 2 scrolls of blinking {unknown}
Potions
 e - 2 potions of brilliance {unknown}
 f - a potion of might {unknown}
 j - 2 potions of haste {unknown}
 l - a potion of berserk rage {unknown}
Comestibles
 c - 2 bread rations
 d - 3 fruits


   Skills:
 + Level 4.0 Fighting
 + Level 2.0 Long Blades
 + Level 2.6 Armour
 + Level 1.6 Dodging
 + Level 0.2 Stealth
 + Level 2.4 Invocations


You had 3 spell levels left.
You didn't know any spells.

Dungeon Overview and Level Annotations

Branches:
Dungeon (3/15)

Altars:
Ashenzari
Fedhas
Okawaru


Innate Abilities, Weirdness & Mutations

You have a pair of small horns on your head.
You are partially covered in sharp spines.


Message History

You kill the orc!
Lugonu accepts your kill.
You hit the orc.
You kill the orc!
Lugonu accepts your kill.
The orc throws an exploding tomahawk.
The exploding tomahawk barely misses you.
The exploding tomahawk misses the kobold.
The exploding tomahawk explodes!
The orc throws a tomahawk.
The tomahawk closely misses you.
The orc throws an exploding tomahawk.
The exploding tomahawk hits you.
* * * LOW HITPOINT WARNING * * *
The exploding tomahawk explodes!
The explosion of tomahawk fragments engulfs you!
* * * LOW HITPOINT WARNING * * *
The explosion of tomahawk fragments engulfs the kobold.
The orc throws a tomahawk.
The tomahawk hits you.
* * * LOW HITPOINT WARNING * * *
The kobold hits you.
You die...

##.#..###.###.###.#
####....#............###
.........###.###........
#...(..)..# #.....##.
##.....#### ##.#.###.
##...## #...# #. ##.##
#..## #. #K# #..# #. #@#
#..####. ##)## #.......
#oo.# ##.##### #.....#
##.# #.......# ##..#
#.........####...##
+.........+.......#
#.........####...##
##.......## #...#


You could see 2 orcs and a kobold.

Vanquished Creatures
  2 adders (D:2)
  2 worms
  2 orcs (D:3)
  2 ball pythons (D:1)
  5 hobgoblins
  4 jackals (D:2)
  10 kobolds
  4 bats
  3 giant cockroaches
  4 giant geckos
  4 giant newts (D:1)
  5 goblins
  7 rats
54 creatures vanquished.

Notes
Turn   | Place    | Note
--------------------------------------------------------------
     0 | Abyss:1  | graki42 the Demonspawn Abyssal Knight began the quest for the Orb.
     0 | Abyss:1  | Reached XP level 1. HP: 18/18 MP: 2/2
    33 | D:1      | Escaped the Abyss
   183 | D:1      | Reached skill level 1 in Dodging
   317 | D:1      | Gained mutation: You are partially covered in sharp spines. [demonic ancestry]
   317 | D:1      | Reached XP level 2. HP: 8/24 MP: 3/3
   656 | D:1      | Reached ** piety under Lugonu
  1125 | D:2      | Reached XP level 3. HP: 29/29 MP: 4/4
  1384 | D:2      | Found a faded altar to an unknown god.
  1486 | D:2      | Found a shattered altar of Ashenzari.
  1551 | D:2      | Gained mutation: You have a pair of small horns on your head. [demonic ancestry]
  1551 | D:2      | Reached XP level 4. HP: 33/37 MP: 5/5
  1559 | D:2      | Found a blossoming altar of Fedhas.
  1596 | D:2      | Found an iron altar of Okawaru.
  1624 | D:2      | Reached skill level 4 in Fighting
  1712 | D:3      | Reached *** piety under Lugonu
  1797 | D:3      | HP: 1/37 [orc/tomahawk (4)]
  1797 | D:3      | Slain by a kobold

Vault maps used:
D:1:      dpeg_arrival_oval
D:2:      lemuel_coloured_pillars_altar, overflow_temple_1_default,
          ecumenical_altar_1, okawaru_ov_weapons_minmay
D:3:      grunt_qazlal_clouds, first_bread, uniq_crazy_yiuf_cottage

Action                   |  1- 3 |  4- 6 || total
-------------------------+-------+-------++-------
Melee: Falchion          |    80 |    11 ||    91
  Eat: Chunk             |     2 |       ||     2
